 Dungeon Crawl Stone Soup version 0.27.0-1-g7a089689b8 (webtiles) character file.

Game seed: 15119280683182690938

294 sasquatch the Changer (level 5, 0/39 HPs)
             Began as a Demigod Transmuter on Aug 6, 2021.
             Slain by a centaur (2 damage)
             ... on level 5 of the Dungeon.
             The game lasted 00:06:18 (4358 turns).

sasquatch the Changer (Demigod Transmuter)          Turns: 4358, Time: 00:06:19

Health: 0/39       AC:  2    Str: 11    XL:     5   Next: 85%
Magic:  7/10       EV: 21    Int: 15    God:
Gold:   100        SH:  0    Dex: 23    Spells: 1/7 levels left

rFire    . . .     SeeInvis .     - Unarmed
rCold    . . .     Faith    .   (shield currently unavailable)
rNeg     . . .     Spirit   .   (armour currently unavailable)
rPois    x         Reflect  .   (helmet currently unavailable)
rElec    .         Harm     .   (cloak currently unavailable)
rCorr    .         Rampage  .   (gloves currently unavailable)
Will     .....                  (boots currently unavailable)
Stlth    ++........             (no amulet)
HPRegen  0.13/turn              (no ring)
MPRegen  0.12/turn              (no ring)

@: spider-form (expiring)
A: venomous fangs, tiny, high mp 1, forlorn
a: End Transformation


You were on level 5 of the Dungeon.
You were a venomous arachnid creature.
You visited 2 branches of the dungeon, and saw 6 of its levels.

You collected 100 gold pieces.

Inventory:

Hand Weapons
 g - a +0 dagger of venom (melded)
Armour
 a - a +0 robe (melded)
 m - a +2 cloak (melded)
Magical Staves
 l - a staff of earth
 p - a staff of conjuration
 t - a staff of fire
Scrolls
 b - a scroll of noise {unknown}
 c - 6 scrolls of identify {unknown}
 e - a scroll of blinking {unknown}
 f - 2 scrolls of enchant armour {unknown}
 h - 2 scrolls of amnesia {unknown}
 n - a scroll of teleportation {unknown}
 r - 3 scrolls of magic mapping {unknown}
 s - a scroll of immolation {unknown}
Potions
 d - a potion of heal wounds
 i - 3 potions of brilliance {unknown}
 j - a potion of cancellation {unknown}
 k - a potion of might {unknown}
 o - a potion of mutation {unknown}
 q - a potion of haste {unknown}
 u - a potion of curing {unknown}


   Skills:
 - Level 0.8 Fighting
 + Level 3.2 Dodging
 + Level 3.8 Unarmed Combat
 - Level 1.7 Spellcasting
 * Level 4.3 Transmutations


You had one spell level left.
You knew the following spells:

 Your Spells              Type           Power      Damage    Failure   Level
a - Beastly Appendage     Tmut           28%        N/A       12%         1
b - Wereblood             Tmut           14%        N/A       17%         2
c - Spider Form           Tmut/Pois      3%         N/A       50%         3

Your spell library contained the following spells:

 Spells                   Type           Power      Damage    Failure   Level
 Ice Form                 Ice/Tmut       7%         N/A       85%         4


Dungeon Overview and Level Annotations

Branches:
Dungeon (5/15)             Temple (1/1) D:4


Innate Abilities, Weirdness & Mutations

You are a venomous arachnid creature.
You have poisonous fangs.
You are tiny and dextrous.
Your spellcasting is less reliable in this form.
Your armour is entirely melded.
You are incapable of wielding weapons or throwing items.
Your attributes grow dramatically as you level up.
You have an increased reservoir of magic. (+10% MP)
You shall have no god before yourself.


Message History

Unknown command.
You climb downwards.
Found a short sword.
Found a stormy altar of Qazlal.
There is a stone staircase leading up here.
c - 6 scrolls labelled JUFFICKOANK (gained 1)
u - a golden potion A centaur comes into view.
The centaur wields a +0 shortbow.
The centaur shoots an arrow.
The arrow hits you!
A centaur is nearby!
The centaur shoots an arrow.
The arrow hits you.
The centaur shoots an arrow.
The arrow hits you!
Casting: Beastly Appendage (safe; 3% risk of failure)
Confirm with . or Enter, or press ? or * to list all spells.
The spell is quite dangerous to cast (28% risk of failure)!
Continue anyway?
You turn into a venomous arachnid creature.
Your +0 dagger of venom melds into your body.
Your +2 cloak melds into your body.
Your +0 robe melds into your body.
Your +0 dagger of venom stops dripping with poison.
The centaur shoots an arrow.
The arrow hits you!
* * * LOW HITPOINT WARNING * * *
The centaur unwields a +0 shortbow.
The centaur completely misses you. The centaur barely misses you.
You barely miss the centaur. The centaur barely misses you.
The centaur misses you.
You hit the centaur.
The centaur is poisoned.
The centaur is lightly wounded.
The centaur misses you.
The centaur kicks you but does no damage.
The centaur misses you. x2
You hit the centaur.
The centaur looks as sick as possible!
The centaur is heavily wounded.
The centaur hits you.
* * * LOW HITPOINT WARNING * * *
The centaur misses you.
You hit the centaur.
The centaur is heavily wounded.
Your transformation is almost over.
The centaur barely misses you. The centaur kicks you.
You die...

..c.#.#.#..
...#.#.#. ......
#.#.####..$
#..........
###.#.###.. #
#.#####
#.###c....#
#...s...#.#
#######.#.# ..#.#
#.#######.#
#.......#.#
#######.#.#
#.........#
#.##....###
.#.######.#...###


You could see a centaur (extremely poisoned).

Vanquished Creatures
  A bullfrog (D:4)
  A scorpion (D:4)
  2 orc priests (D:4)
  Jessica (D:2)
  An adder (D:2)
  2 worms (D:4)
  6 orcs (D:4)
  6 ball pythons
  5 endoplasms
  2 giant cockroaches
  5 goblins
  4 hobgoblins
  11 jackals
  4 kobolds (D:3)
  A quokka (D:1)
  4 bats
  5 frilled lizards
  2 rats
63 creatures vanquished.

Vanquished Creatures (others)
  3 plants (D:2)
3 creatures vanquished.

Grand Total: 66 creatures vanquished

Notes
Turn   | Place    | Note
-------+----------+-------------------------------------------
     0 | D:1      | sasquatch the Demigod Transmuter began the quest for the
                  | Orb.
     0 | D:1      | Reached XP level 1. HP: 15/15 MP: 5/5
    30 | D:1      | Reached skill level 2 in Transmutations
   597 | D:1      | Reached XP level 2. HP: 22/22 MP: 7/7
  1353 | D:2      | Reached XP level 3. HP: 14/27 MP: 8/8
  1580 | D:2      | Learned a level 2 spell: Wereblood
  1963 | D:2      | Noticed Jessica
  1972 | D:2      | Killed Jessica
  1973 | D:2      | Reached skill level 3 in Transmutations
  2592 | D:3      | Reached XP level 4. HP: 34/34 MP: 9/9
  2734 | D:3      | Learned a level 3 spell: Spider Form
  2966 | D:4      | Found a staircase to the Ecumenical Temple.
  2982 | D:4      | Noticed a bullfrog
  3003 | D:4      | Killed a bullfrog
  3005 | D:4      | Reached XP level 5. HP: 25/39 MP: 10/10
  3013 | D:4      | Reached skill level 4 in Transmutations
  3099 | Temple   | Entered the Ecumenical Temple
  4316 | D:5      | Entered Level 5 of the Dungeon
  4346 | D:5      | Noticed a centaur
  4358 | D:5      | Slain by a centaur

Illustrated notes

Levels and vault maps discovered:
D:1:      dpeg_arrival_boxorama, layout_loops_ring,
          dreamdust_ecumenical_altar_hidden_monk_grotto
D:2:      layout_basic, serial_bayou_lake_a, uniq_jessica
D:3:      layout_rooms
D:4:      layout_loops_ring, temple_statues, kennysheep_pointless_box
D:5:      layout_basic, nicolae_qazlal_scattered_showers, zin_purify
Temple:   minmay_temple_bridge_d

Skill      XL: |  1  2  3  4  5 |
---------------+----------------+-----
Transmutations | 2 3 4 |  4.3
Dodging        | 2 3 |  3.2
Unarmed Combat | 3 |  3.8
Fighting       | |  0.8
Spellcasting   | |  1.7

Action                   |  1- 3 |  4- 6 || total
-------------------------+-------+-------++-------
Melee: Unarmed           |    22 |     4 ||    26
       Dagger            |   117 |    87 ||   204
       Headbutt          |     4 |     5 ||     9
       Kick              |     4 |     4 ||     8
       Punch             |       |     1 ||     1
 Cast: Beastly Appendage |     3 |     3 ||     6
       Wereblood         |       |     4 ||     4
       Spider Form       |       |     1 ||     1
  Use: Potion            |     1 |       ||     1
 Stab: Sleeping          |     4 |     1 ||     5
Armor: Robe              |    28 |    11 ||    39
       Skin              |       |     1 ||     1
Dodge: Dodged            |    81 |    75 ||   156
